 Dungeon Crawl Stone Soup version 0.30.1-11-g7821555f0a (webtiles) character file.

Game seed: 14673220622205145717

3 Sabo the Ducker (level 1, 0/16 HPs)
             Began as a Demonspawn Gladiator on Dec 2, 2023.
             Was a Believer of Ru.
             Frozen to death by an endoplasm (2 damage)
             ... on level 1 of the Dungeon.
             The game lasted 00:03:45 (199 turns).

Sabo the Ducker (Demonspawn Gladiator)               Turns: 199, Time: 00:03:47

Health: 0/16       AC:  4    Str: 14    XL:     1   Next: 41%
Magic:  1/1        EV: 12    Int:  9    God:    Ru [**....]
Gold:   0          SH:  0    Dex: 14    Spells: 0/0 levels left

rFire   . . .        a - +0 war axe
rCold   . . .        (no shield)
rNeg    . . .        b - +0 leather armour
rPois   .            c - +0 helmet
rElec   .            (no cloak)
rCorr   .            (no gloves)
SInv    .            (no boots)
Will    .....        (no amulet)
Stlth   +            (no ring)
HPRegen 0.22/turn    (no ring)
MPRegen 0.07/turn

%: no passive effects
@: no status effects
A: inability to use devices
a: Renounce Religion


You were on level 1 of the Dungeon.
You worshipped Ru.
Ru was pleased with you.
You visited 1 branch of the dungeon, and saw 1 of its levels.

Inventory:

Hand Weapons
 a - a +0 war axe (weapon)
Missiles
 d - 3 throwing nets (quivered)
 e - a javelin
Armour
 b - a +0 leather armour (worn)
 c - a +0 helmet (worn)
Scrolls
 f - a scroll of fog {unknown}
Potions
 g - a potion of attraction {unknown}


   Skills:
 + Level 2.0 Fighting
 + Level 2.7 Axes
 + Level 1.8 Throwing
 + Level 2.8 Dodging


You couldn't memorise any spells.
You didn't know any spells.
Your spell library was empty.

Dungeon Overview and Level Annotations

Branches:
Dungeon (1/15)

Altars:
Ru


Innate Abilities, Weirdness & Mutations

You cannot study or use magical devices.


Message History

You see here a +0 club.
There is an open door here.
There is a sacrificial altar of Ru here.
There is an open door here.
You see here a +0 mace.
You see here a +0 dagger.
A rat comes into view.
A hobgoblin, an endoplasm and a gnoll come into view.
The gnoll shouts!
You hear a bark!
The rat barely misses you.
The endoplasm moves out of view.
You barely miss the rat.
The hobgoblin shouts!
You hear an angry hiss.
You redirect the rat's attack!
The rat barely misses itself.
A jackal comes into view.
The rat bites you but does no damage.
You closely miss the rat.
A goblin comes into view. It is wielding a +0 club.
The rat bites you but does no damage.
You completely miss the rat. The rat bites you.
You focus your inner power and illuminate the rat in retribution!
The hobgoblin closely misses you. The rat bites you.
You barely miss the rat. You hit the hobgoblin but do no damage.
The rat bites you but does no damage. The hobgoblin hits you.
You slash the rat!
You kill the rat!
You closely miss the hobgoblin. The hobgoblin hits you.
You slash the gnoll!
The gnoll is almost dead.
You barely miss the hobgoblin. The gnoll misses you. The hobgoblin misses you.
The gnoll barely misses you. The hobgoblin barely misses you.
The endoplasm barely misses you.
You barely miss the gnoll.
The gnoll is almost dead.
You barely miss the endoplasm. You closely miss the hobgoblin.
The gnoll hits you with a +0 flail!
* * * LOW HITPOINT WARNING * * *
The endoplasm freezes you.
You are frozen.
You die...

...........#
...........#
###
...........#
#.'
...........#
##.#
...........#
###...
.......h...#
####...#.
.....gggJ..#
#....###.
#@# #.####
#. #.# #'###
### #.#
##..###..
#.# #.......
#.# ##.....#
#.# #8._.8#
#.# ##.....#
#.# #.......
#####.#
###..###..


You could see a gnoll, an endoplasm, a jackal, a hobgoblin and a goblin.

Vanquished Creatures
  An endoplasm (D:1)
  A goblin (D:1)
  A rat (D:1)
3 creatures vanquished.

Notes
Turn   | Place    | Note
-------+----------+-------------------------------------------
     0 | D:1      | Sabo the Demonspawn Gladiator began the quest for the Orb.
     0 | D:1      | Reached XP level 1. HP: 16/16 MP: 1/1
    20 | D:1      | Found a faded altar of an unknown god.
    50 | D:1      | Prayed at the altar of an unknown god.
    50 | D:1      | Became a worshipper of Ru the Awakened
    55 | D:1      | Gained mutation: You cannot study or use magical devices.
                  | [Ru sacrifice]
    55 | D:1      | Reached * piety under Ru
    55 | D:1      | Reached ** piety under Ru
   199 | D:1      | Frozen to death by an endoplasm

Illustrated notes

Levels and vault maps discovered:
D:1:      mrwooster_arrival_arrow, layout_basic,
          hellmonk_ecumenical_altar_slurped_away, wad_floor_pattern_1

Action                     || total
---------------------------++-------
  Melee: War axe           ||     9
 Invoke: Sacrifice Artific ||     1
 Armour: Leather armour    ||     3
  Dodge: Dodged            ||     7
